 Dungeon Crawl Stone Soup version 0.26.1-2-gb8aa6d0cf2 (webtiles) character file.

Game seed: 7097558919356676977

12657 jlumianski the Cleaver (level 11, -1/100 HPs)
             Began as a Palentonga Fighter on Feb 26, 2021.
             Was a High Priest of Okawaru.
             Slain by a death knight
             ... wielding a +0 glaive
              (25 damage)
             ... on level 11 of the Dungeon on Feb 27, 2021.
             The game lasted 01:05:40 (12822 turns).

jlumianski the Cleaver (Palentonga Fighter)        Turns: 12822, Time: 01:05:41

Health: -1/100     AC: 23    Str: 29    XL:     11   Next: 65%
Magic:  17/17      EV:  6    Int: 12    God:    Okawaru [*****.]
Gold:   705        SH:  0    Dex:  9    Spells: 10/10 levels left

rFire    + . .     SeeInvis +   D - +8 battleaxe of the Dead {vorpal, *Corrode rF+ rC+ Int+3}
rCold    + . .     Faith    .   (shield currently unavailable)
rNeg     . . .     Spirit   .   g - +0 plate armour
rPois    .         Reflect  .   I - +1 hat
rElec    .         Harm     .   (no cloak)
rCorr    .         Rampage  .   (no gloves)
Will     .....                  (no barding)
Stlth    ..........             (no amulet)
HPRegen  0.26/turn              J - +6 ring of strength
MPRegen  0.15/turn              i - +4 ring of protection

@: curled up
A: large, rugged brown scales 3, see invisible, deformed body, roll 1, armoured
tail, reflexive curl
a: Rolling Charge, Renounce Religion, Heroism, Finesse


You were on level 11 of the Dungeon.
You worshipped Okawaru.
Okawaru was extremely pleased with you.
You visited 1 branch of the dungeon, and saw 11 of its levels.
You also visited: Sewer.

You collected 705 gold pieces.

Inventory:

Hand Weapons
 a - a +0 broad axe
 A - a +4 hand axe of freezing
 D - the +8 battleaxe of the Dead (weapon) {vorpal, *Corrode rF+ rC+ Int+3}
   (You found it on level 5 of the Dungeon)

   It inflicts extra damage upon your enemies.
   It affects your intelligence (+3).
   It protects you from fire.
   It protects you from cold.
   It may corrode you when you take damage.
 F - a +4 flail of protection
Missiles
 t - 74 poisoned darts (quivered)
 v - 6 javelins
 C - 3 throwing nets
 L - 16 boomerangs
 S - 10 atropa-tipped darts
Armour
 b - a +0 helmet
 c - a +0 kite shield
 f - a +2 tower shield of cold resistance
 g - a +0 plate armour (worn)
 I - a +1 hat (worn)
Jewellery
 i - a +4 ring of protection (right hand)
 k - an uncursed ring of protection from fire
 s - the ring of Naumihuh {rF++ rN+ Dex-3 SInv}
   (You took it off an orc on level 9 of the Dungeon)

   [ring of positive energy]

   It affects your dexterity (-3).
   It greatly protects you from fire.
   It protects you from negative energy.
   It lets you see invisible.
 E - an uncursed ring of willpower
 J - a +6 ring of strength (left hand)
 N - an uncursed ring of flight
Wands
 o - a wand of acid (15)
 y - a wand of polymorph (5)
 O - a wand of digging (6)
Scrolls
 j - 2 scrolls of remove curse
 p - 9 scrolls of teleportation
 r - a scroll of fear
 w - a scroll of blinking
 x - a scroll of acquirement {unknown}
 H - a scroll of enchant armour {unknown}
 M - a scroll of vulnerability {unknown}
 R - 3 scrolls of magic mapping
 U - 5 scrolls of identify
Potions
 d - 3 potions of might
 e - 2 potions of curing
 h - a potion of haste
 l - a potion of degeneration {unknown}
 m - a potion of invisibility {unknown}
 n - a potion of attraction {unknown}
 q - a potion of lignification
 u - a potion of resistance
 z - a potion of heal wounds
 B - a potion of brilliance {unknown}
 K - a potion of magic {unknown}


   Skills:
 + Level 7.9 Fighting
 + Level 11.8 Axes
 + Level 1.5 Throwing
 + Level 7.5 Armour
 + Level 1.7 Dodging
 - Level 0.1 Stealth
 + Level 4.3 Shields
 * Level 8.3 Invocations


You had 10 spell levels left.
You didn't know any spells.
Your spell library contained the following spells:

 Spells                   Type           Power        Failure   Level
 Ignite Poison            Fire/Tmut/Pois 0%           100%        3
 Fireball                 Conj/Fire      0%           100%        5
 Starburst                Conj/Fire      0%           100%        6
 Ignition                 Fire           0%           100%        8


Dungeon Overview and Level Annotations

Branches:
Dungeon (11/15)            Temple (0/1) D:4            Lair (0/6) D:9
  Sewer (visited)
    Orc: D:9-12

Altars:
Ashenzari
Dithmenos
Kikubaaqudgha
Makhleb
Okawaru
Qazlal
Trog
Zin

Shops:
D:6 *   D:8 }

Annotations:
D:8 1 runed translucent door, Mig's ghost, novice GrFi


Innate Abilities, Weirdness & Mutations

You are completely covered in rugged brown scales. (AC +3, +7% HP)
You have supernaturally acute eyesight. (SInv)
Armour fits poorly on your strangely shaped body.
You can roll at nearby foes to attack.
You have a long armoured tail.
You curl defensively after being hit.


Message History

Okawaru is honoured by your kill.
The death knight hits you but does no damage.
The death knight hits you with a +0 glaive.
You see here a +0 mace.
You closely miss the death knight.
You tail-slap the death knight, but do no damage.
You hit the death knight.
The death knight is lightly wounded.
The death knight reflects your damage back at you!
The death knight hits you with a +0 glaive!!
You slash the death knight!
The death knight is lightly wounded.
The death knight reflects your damage back at you!
The death knight invokes the aid of Yredelemnul against you.
Your body is wracked with pain!
* * * LOW HITPOINT WARNING * * *
You completely miss the death knight.
The death knight is lightly wounded.
The death knight hits you with a +0 glaive!!
You die...

## W.
####.#
#W..z#
#p# #@#
#.# #.#
#.# #.#
#.######
#.....<#
########


You could see a death knight (reflects damage) and a wraith.

Vanquished Creatures
  Harold (D:10)
  A two-headed ogre (D:8)
  Erica (D:8)
  Urug (D:9)
  Nergalle (D:10)
  A skeletal warrior (D:11)
  A troll (D:9)
  7 yaks (D:10)
  Sigmund (D:3)
  A wyvern (D:9)
  A wraith (D:11)
  Grum (D:9)
  Edmund (D:5)
  3 black bears
  4 orc warriors
  2 ice beasts
  A phantom (D:6)
  A sky beast (D:5)
  6 ogres
  4 wolves (D:9)
  6 centaurs
  2 necrophages (D:7)
  9 bullfrogs
  A wyvern zombie (D:8)
  3 scorpions
  18 killer bees
  14 wights
  A howler monkey (D:9)
  3 centaur zombies
  A bullfrog zombie (D:10)
  A jelly (D:8)
  4 hounds
  6 orc priests
  A bullfrog skeleton (D:8)
  13 orc wizards
  5 centaur skeletons
  2 iguanas (D:10)
  4 worker ants
  A killer bee zombie (D:7)
  4 hound zombies
  2 hound skeletons
  A mummy (D:8)
  2 worker ant zombies
  15 adders
  11 gnolls
  2 shadow imps
  4 white imps
  2 ufetubi (D:6)
  15 oozes
  An adder skeleton (D:7)
  7 worms
  5 dart slugs
  20 leopard geckos
  53 orcs
  9 ball pythons (Sewer)
  15 giant cockroaches
  10 goblins
  9 hobgoblins
  15 jackals
  7 quokkas
  10 bats
  15 frilled lizards
  2 goblin zombies (D:8)
  A jackal zombie (D:7)
  8 kobolds
  A leopard gecko zombie (D:5)
  A quokka zombie (D:5)
  8 rats
390 creatures vanquished.

Vanquished Creatures (others)
  A wizard (D:6)
  An orc wizard (D:4)
  5 fungi (D:9)
  31 plants
38 creatures vanquished.

Grand Total: 428 creatures vanquished

Notes
Turn   | Place    | Note
-------+----------+-------------------------------------------
     0 | D:1      | jlumianski the Palentonga Fighter began the quest for the
                  | Orb.
     0 | D:1      | Reached XP level 1. HP: 20/20 MP: 1/1
    31 | D:1      | Reached XP level 2. HP: 27/27 MP: 2/2
   194 | D:1      | Reached XP level 3. HP: 33/33 MP: 3/3
   407 | D:1      | You fall into a shaft and drop 1 floor!
   790 | D:1      | Reached XP level 4. HP: 29/40 MP: 4/4
  1057 | D:2      | Reached skill level 3 in Axes
  1311 | D:2      | Reached XP level 5. HP: 44/49 MP: 5/5
  1892 | D:3      | Noticed Sigmund
  1930 | D:3      | Killed Sigmund
  1931 | D:3      | Reached skill level 1 in Dodging
  1931 | D:3      | Reached XP level 6. HP: 32/55 MP: 6/6
  2307 | D:3      | Found a shadowy altar of Dithmenos.
  2406 | D:3      | Reached skill level 4 in Axes
  2415 | D:3      | Found an iron altar of Okawaru.
  2420 | D:3      | Became a worshipper of Warmaster Okawaru
  2562 | D:3      | Found a stormy altar of Qazlal.
  2785 | D:4      | Noticed an orc warrior
  2799 | D:4      | Killed an orc warrior
  3078 | D:4      | Gained mutation: You curl defensively after being hit.
                  | [Palentonga growth]
  3078 | D:4      | Reached XP level 7. HP: 63/63 MP: 7/7
  3092 | D:5      | Entered Level 5 of the Dungeon
  3200 | D:5      | Found a glowing drain.
  3232 | Sewer    | Entered a sewer
  3342 | Sewer    | Reached skill level 1 in Invocations
  3384 | Sewer    | Reached skill level 5 in Axes
  4006 | D:5      | Reached * piety under Okawaru
  4032 | D:4      | Reached XP level 8. HP: 21/71 MP: 8/10
  4033 | D:4      | Reached skill level 6 in Axes
  4441 | D:4      | Found a staircase to the Ecumenical Temple.
  5443 | D:5      | Got an encrusted battleaxe
  5597 | D:5      | Noticed Edmund
  5612 | D:5      | Killed Edmund
  5613 | D:5      | Reached skill level 7 in Axes
  5644 | D:5      | Reached skill level 5 in Fighting
  5753 | D:5      | Found a glowing silver altar of Zin.
  6213 | D:6      | Reached ** piety under Okawaru
  6214 | D:6      | Reached skill level 1 in Throwing
  6218 | D:6      | Found Vaqam's General Store.
  6319 | D:6      | Found a bloodstained altar of Trog.
  6329 | D:6      | Identified the +8 battleaxe of the Dead {vorpal, *Corrode
                  | rF+ rC+ Int+3} (You found it on level 5 of the Dungeon)
  6371 | D:6      | Reached XP level 9. HP: 77/79 MP: 12/12
  6430 | D:6      | Found a broken altar of Ashenzari.
  6788 | D:6      | Noticed a wizard
  6792 | D:6      | Killed a wizard
  6948 | D:7      | Reached skill level 8 in Axes
  6963 | D:6      | Reached *** piety under Okawaru
  7015 | D:7      | Reached skill level 5 in Invocations
  7274 | D:6      | Reached skill level 5 in Armour
  7927 | D:8      | Found Juddown's Gadget Shop.
  7960 | D:8      | Reached skill level 9 in Axes
  7982 | D:8      | Noticed Erica
  7992 | D:8      | HP: 4/80 [Erica/bolt of poison (25)]
  7997 | D:8      | Killed Erica
  7997 | D:8      | Reached **** piety under Okawaru
  7998 | D:8      | Reached XP level 10. HP: 29/88 MP: 11/14
  8039 | D:8      | Found an ancient bone altar of Kikubaaqudgha.
  8352 | D:8      | Received a gift from Okawaru
  8733 | D:8      | Noticed a two-headed ogre
  8743 | D:8      | Killed a two-headed ogre
  8744 | D:8      | Reached skill level 10 in Axes
  8803 | D:8      | Received a gift from Okawaru
  8940 | D:8      | Found a runed translucent door.
  8940 | D:8      | Noticed Mig's ghost (novice GrFi)
  8940 | D:8      | Identified the +6 spear of Grand Guilt {venom, rPois rN+
                  | Will+ Str-3}
  9295 | D:8      | Found a burning altar of Makhleb.
  9547 | D:9      | Found a staircase to the Lair.
 10400 | D:9      | Noticed Grum
 10414 | D:9      | Killed Grum
 10420 | D:9      | Received a gift from Okawaru
 10981 | D:10     | Entered Level 10 of the Dungeon
 10986 | D:10     | Reached XP level 11. HP: 98/98 MP: 16/16
 11195 | D:10     | Reached skill level 11 in Axes
 11195 | D:10     | Identified the ring of Naumihuh {rF++ rN+ Dex-3 SInv}
 11721 | D:10     | Noticed a two-headed ogre
 11758 | D:9      | HP: 2/98 [two-headed ogre/+0 giant spiked club (11)]
 12208 | D:10     | Noticed Urug
 12251 | D:10     | Noticed Nergalle
 12256 | D:9      | Killed Urug
 12256 | D:9      | Reached ***** piety under Okawaru
 12276 | D:10     | Killed Nergalle
 12276 | D:10     | Received a gift from Okawaru
 12367 | D:10     | Noticed Harold
 12373 | D:10     | Killed Harold
 12805 | D:11     | Noticed a skeletal warrior
 12811 | D:11     | Noticed a death knight
 12817 | D:11     | Killed a skeletal warrior
 12822 | D:11     | Slain by a death knight

Illustrated notes

Levels and vault maps discovered:
D:1:      scummos_arrival_forest, layout_rooms
D:2:      layout_basic, minmay_ruptured
D:3:      layout_loops_ring, marbit_many_paths, lemuel_crystal_altar,
          minmay_misc_feat_five, serial_bayou_lagoon_a,
          grunt_dithmenos_smoke_and_mirrors, uniq_sigmund
D:4:      layout_loops_corners, minmay_temple_entry_antechambers, st_stairs_9,
          minmay_diced_spiral
D:5:      layout_basic, old_standard_altar, portal_sewer_entry_f,
          chequers_serial_rivers_small_3, kennysheep_generic_room_10,
          uniq_edmund
D:6:      lemuel_ice_spiral_2, layout_rooms, ashenzari_conservatory_becter,
          serial_shops, shop, trog_wizard
D:7:      layout_cave_pools, serial_undead, serial_undead_c, serial_undead_a,
          serial_undead_f, serial_undead_d
D:8:      layout_cave_pools, kiku_gazebo_pond_becter,
          lemuel_coloured_pillars_altar, ebering_ghost_funeral_grove,
          serial_shops, nicolae_shop_waterfront, nicolae_ossuary_entry_giza,
          hangedman_minor_gate_pass, uniq_erica
D:9:      layout_roguey, dpeg_oklobed_lair, uniq_grum
D:10:     layout_rooms, uniq_urug, uniq_nergalle, uniq_harold
D:11:     layout_basic, enter_trove_3, special_room [special_room_orc],
          minmay_misc_feat_ornament, uniq_maurice

Skill      XL: |  1  2  3  4  5  6  7  8  9 10 11 |
---------------+----------------------------------+-----
Axes           | 3 4 5 7 9 10 11 | 11.8
Armour         | 3 4 5 6 7 |  7.5
Shields        | 3 4 |  4.3
Fighting       | 4 5 6 7 |  7.9
Dodging        | 1 |  1.7
Invocations    | 2 4 6 7 8 |  8.3
Throwing       | 1 |  1.5
Stealth        | |  0.1

Action                   |  1- 3 |  4- 6 |  7- 9 | 10-12 || total
-------------------------+-------+-------+-------+-------++-------
Melee: War axe           |    93 |   131 |   240 |       ||   464
       Tailslap          |     7 |    15 |    58 |    28 ||   108
       Hand axe          |       |       |    89 |       ||    89
       Battleaxe         |       |       |   144 |   237 ||   381
Throw: Javelin           |       |     8 |     6 |       ||    14
       Dart              |       |       |    12 |     9 ||    21
Invok: Heroism           |       |       |     1 |     6 ||     7
 Abil: Rolling Charge    |    21 |    31 |    41 |    28 ||   121
Evoke: Wand              |       |       |       |     1 ||     1
  Use: Potion            |     1 |     3 |     4 |     3 ||    11
       Scroll            |       |     6 |     9 |     3 ||    18
Armor: Scale mail        |    55 |    69 |       |       ||   124
       Plate armour      |       |       |   316 |   184 ||   500
Dodge: Dodged            |    23 |    36 |    88 |   115 ||   262
Block: Kite shield       |    48 |    73 |   139 |       ||   260
